 Dungeon Crawl Stone Soup version 0.31-a0-188-g5e087ee2ca (webtiles) character file.

Game seed: 12717782062847136241

172 qw the Skirmisher (level 5, -4/29 HPs)
             Began as a Deep Elf Hunter on June 23, 2023.
             Slain by Edmund
             ... wielding a +4 flail of protection
              (6 damage)
             ... on level 4 of the Dungeon.
             The game lasted 00:01:05 (2505 turns).

qw the Skirmisher (Deep Elf Hunter)                 Turns: 2505, Time: 00:01:06

Health: -4/29      AC:  5    Str: 10    XL:     5   Next: 27%
Magic:  7/7        EV: 11    Int: 14    God:
Gold:   214        SH:  0    Dex: 18    Spells: 4/4 levels left

rFire   . . .        Y - +2 shortbow
rCold   . . .        (shield currently unavailable)
rNeg    . . .        h - +0 ring mail
rPois   .            (no helmet)
rElec   .            (no cloak)
rCorr   .            (no gloves)
SInv    +            (no boots)
Will    .....        f - amulet of the acrobat
Stlth   +            j - ring of see invisible
HPRegen 0.24/turn    (no ring)
MPRegen 0.10/turn

%: acrobat
@: no status effects
A: no striking features
a: no special abilities


You were on level 4 of the Dungeon.
You visited 1 branch of the dungeon, and saw 4 of its levels.

You collected 214 gold pieces.


   Skills:
 - Level 1.5 Fighting
 + Level 8.7 Ranged Weapons
 - Level 2.4 Dodging
 - Level 1.2 Stealth


You had 4 spell levels left.
You didn't know any spells.
Your spell library was empty.

Inventory:

Hand Weapons
 Y - a +2 shortbow (weapon)
Armour
 h - a +0 ring mail (worn)
Jewellery
 f - an amulet of the acrobat (around neck)
 j - a ring of see invisible (left hand)
Scrolls
 e - a scroll of identify

Dungeon Overview and Level Annotations

Branches:
Dungeon (4/15)
 Temple: D:4-7

Altars:
Trog
Vehumet
Xom

Annotations:
D:4 Edmund


Message History

Found a stone staircase leading up.
Enter note:
Enter note:
Enter note:
There is a stone staircase leading up here.
Edmund the Younger comes into view.
He is wielding a +4 flail of protection.
Found 3 gold pieces.
Edmund shouts!
Enter note:
Enter note:
Enter note:
Enter note:
Enter note:
Enter note: You shoot an arrow.
The arrow barely misses Edmund.
You shoot an arrow.
The arrow hits Edmund but does no damage.
You shoot an arrow.
The arrow hits Edmund but does no damage.
You shoot an arrow. The arrow hits Edmund.
Edmund is lightly wounded.
You shoot an arrow.
The arrow hits Edmund but does no damage.
Edmund is lightly wounded.
Edmund says, "People think my brother is the best.
I think he's crazy."
Edmund hits you with a +4 flail of protection.
You shoot an arrow. The arrow hits Edmund.
Edmund is lightly wounded.
Edmund closely misses you.
You shoot an arrow. The arrow hits Edmund!
Edmund is moderately wounded.
Edmund hits you with a +4 flail of protection!
You shoot an arrow. The arrow hits Edmund!
Edmund is moderately wounded.
Edmund hits you with a +4 flail of protection!
You shoot an arrow.
The arrow hits Edmund but does no damage.
Edmund is moderately wounded.
Edmund hits you with a +4 flail of protection.
You die...

### ### #.. ..# #.#
### #.#
#.###.###.########
##.##.#.##.#.......
#.@..###........##.
#.@##.#.#<.#.......
#..........#.....#.
#.####.##.##.....).
#. #..##.####.####
#. #.###.# #.# #$
#. #.# #.# #. ..
..# ##+# #####...##


You could see Edmund.

Vanquished Creatures
  An orc priest (D:4)
  An orc wizard (D:4)
  An adder (D:3)
  A worm (D:2)
  5 dart slugs
  7 orcs
  12 ball pythons
  4 endoplasms
  5 giant cockroaches
  10 goblins
  9 hobgoblins
  2 jackals (D:2)
  5 kobolds
  3 quokkas
  9 bats
  3 frilled lizards
  6 rats
84 creatures vanquished.

Notes
Turn   | Place    | Note
-------+----------+-------------------------------------------
     0 | D:1      | qw the Deep Elf Hunter began the quest for the Orb.
     0 | D:1      | Reached XP level 1. HP: 12/12 MP: 3/3
     0 | D:1      | 0 ||| qw: Version: 0.3-a-9-g12657ce
     0 | D:1      | 0 ||| qw: Game counter: 3383
     0 | D:1      | 0 ||| qw: Always use a shield: true
     0 | D:1      | 0 ||| qw: God list: Okawaru
     0 | D:1      | 0 ||| qw: Allow faded altars: false
     0 | D:1      | 0 ||| qw: Do Orc after D:15 true
     0 | D:1      | 0 ||| qw: Do second Lair branch before Depths: true
     0 | D:1      | 0 ||| qw: Lair rune preference: random
     0 | D:1      | 0 ||| qw: Plans: Normal
     0 | D:1      | 0 ||| PLANNING D:1-11
   118 | D:1      | Reached XP level 2. HP: 16/16 MP: 4/4
   137 | D:1      | Reached skill level 6 in Ranged Weapons
   404 | D:1      | Reached XP level 3. HP: 20/20 MP: 5/5
   637 | D:1      | 637 ||| READING scroll labelled ERYILA JUFA.
   638 | D:1      | 638 ||| READING 2 scrolls labelled DESHOFAKHLUNG.
   639 | D:1      | 639 ||| DROPPING scroll of butterflies.
   644 | D:2      | Found a shimmering altar of Xom.
   728 | D:2      | Reached skill level 7 in Ranged Weapons
   763 | D:2      | Found a faded altar of an unknown god.
  1249 | D:2      | 1249 ||| UPGRADING to +0 ring mail.
  1259 | D:2      | 1259 ||| DROPPING +0 leather armour.
  1260 | D:2      | 1260 ||| DROPPING ring of wizardry.
  1261 | D:2      | 1261 ||| UPGRADING to ring of see invisible.
  1262 | D:2      | 1262 ||| READING scroll labelled AMOTICLOPOOWN.
  1263 | D:2      | 1263 ||| READING 3 scrolls labelled ONIJIA VOUSAUGG.
  1264 | D:2      | 1264 ||| READING scroll labelled YNINYRUIDE.
  1265 | D:2      | 1265 ||| DRINKING 2 fizzy silvery potions.
  1266 | D:2      | 1266 ||| DROPPING 2 scrolls of revelation.
  1487 | D:3      | Reached XP level 4. HP: 25/25 MP: 6/6
  1571 | D:3      | Found a radiant altar of Vehumet.
  1573 | D:3      | Found a bloodstained altar of Trog.
  2009 | D:3      | 2009 ||| UPGRADING to amulet of the acrobat.
  2014 | D:3      | 2014 ||| READING scroll labelled ORILINA MOEN.
  2015 | D:3      | 2015 ||| READING 3 scrolls of identify.
  2015 | D:3      | 2015 ||| IDENTIFYING black potion
  2016 | D:3      | 2016 ||| READING 2 scrolls of identify.
  2016 | D:3      | 2016 ||| IDENTIFYING fizzy inky potion
  2017 | D:3      | 2017 ||| DROPPING potion of attraction.
  2018 | D:3      | 2018 ||| DROPPING potion of ambrosia.
  2091 | D:4      | Reached skill level 8 in Ranged Weapons
  2274 | D:4      | 2274 ||| READING scroll of enchant weapon.
  2274 | D:4      | 2274 ||| ENCHANTING +1 shortbow.
  2318 | D:4      | HP: 5/25 [orc wizard/+0 dagger (4)]
  2319 | D:4      | 2319 ||| DRINKING potion of heal wounds.
  2330 | D:4      | HP: 6/25 [orc wizard/+0 dagger (4)]
  2337 | D:4      | HP: 4/25 [orc wizard/+0 dagger (1)]
  2349 | D:4      | HP: 6/25 [orc wizard/+0 dagger (1)]
  2355 | D:4      | Reached XP level 5. HP: 7/29 MP: 7/7
  2496 | D:4      | Noticed Edmund
  2504 | D:4      | HP: 2/29 [Edmund/+4 flail of protection (13)]
  2505 | D:4      | Slain by Edmund

Levels and vault maps discovered:
D:1:      scummos_arrival_simple_crosswalls, layout_loops_ring
D:2:      layout_loops_ring, shapermc_ecumenical_altar_ellora, basic_altar
D:3:      layout_basic, chequers_temple_overflow_statue_of_worship
D:4:      layout_loops_corners, tgw_sif, kennysheep_cross_bottleneck,
          uniq_eustachio, uniq_blork_the_orc, uniq_edmund

Skill      XL: |  1  2  3  4 |
---------------+-------------+-----
Ranged Weapons | 6 7 8 |  8.7
Fighting       | |  1.5
Dodging        | |  2.4
Stealth        | |  1.2

Action                     |  1- 3 |  4- 6 || total
---------------------------+-------+-------++-------
   Fire: Shortbow          |   144 |   102 ||   246
    Use: Scroll            |     5 |     4 ||     9
         Potion            |     1 |     1 ||     2
 Armour: Leather armour    |    10 |       ||    10
         Ring mail         |     2 |    17 ||    19
  Dodge: Dodged            |    29 |    28 ||    57

Table legend:
 A = Non-vault XP
 B = Vault XP
 C = Vault XP percentage of total XP
 D = Non-vault monster count
 E = Vault monster count
 F = Vault count percentage of total count
                 A         B        C        D         E       F
            +---------+---------+-------+---------+---------+-------
      Total |     246 |       0 |   0.0 |      84 |       0 |   0.0
            +---------+---------+-------+---------+---------+-------
        D:1 |      56 |       0 |   0.0 |      31 |       0 |   0.0
        D:2 |      23 |       0 |   0.0 |      12 |       0 |   0.0
        D:3 |      70 |       0 |   0.0 |      29 |       0 |   0.0
        D:4 |      97 |       0 |   0.0 |      12 |       0 |   0.0
            +---------+---------+-------+---------+---------+-------
